 Dungeon Crawl Stone Soup version 0.31-a0-1202-ga8fea8b373 (webtiles) character file.

Game seed: 6657607705969306217

2037 kae the Sneak (level 9, -6/65 HPs)
             Began as a Demonspawn Enchanter on Dec 12, 2023.
             Was a Follower of Dithmenos.
             Killed from afar by a gargoyle (16 damage)
             ... with a stone arrow
             ... on level 7 of the Dungeon.
             The game lasted 00:07:01 (5921 turns).

kae the Sneak (Demonspawn Enchanter)                Turns: 5921, Time: 00:07:01

Health: -6/65      AC:  7    Str:  8    XL:     9   Next: 4%
Magic:  0/15       EV: 14    Int: 17    God:    Dithmenos [*.....]
Gold:   318        SH:  0    Dex: 17    Spells: 5/16 levels left

rFire   . . .        b - +2 dagger (flame)
rCold   . . .        (no shield)
rNeg    . . .        n - +0 robe
rPois   .            h - +1 helmet
rElec   .            (no cloak)
rCorr   .            l - +2 pair of gloves of Slimy Leaves {Will+++}
SInv    .            (no boots)
Will    +++..        G - amulet of guardian spirit
Stlth   ++++         (no ring)
HPRegen 0.30/turn    (no ring)
MPRegen 0.14/turn

%: guardian spirit
@: confusing by touch, wreathed by umbra
A: hooves 2, repulsion field 1, foul stench 1, spiny 1
a: Renounce Religion


You were on level 7 of the Dungeon.
You worshipped Dithmenos.
Dithmenos was aware of your devotion.
You visited 2 branches of the dungeon, and saw 8 of its levels.

You collected 318 gold pieces.


Innate Abilities, Weirdness & Mutations

You have hoof-like feet.
You are surrounded by a mild repulsion field. (EV +2)
You may rarely emit foul miasma when damaged in melee.
You are partially covered in sharp spines.


   Skills:
 + Level 3.9 Fighting
 * Level 5.4 Short Blades
 - Level 1.7 Dodging
 * Level 6.5 Stealth
 + Level 4.2 Spellcasting
 + Level 5.0 Hexes
 + Level 3.3 Ice Magic


You had 5 spell levels left.
You knew the following spells:

 Your Spells              Type           Power      Damage    Failure   Level
a - Ensorcelled Hibernat  Hex/Ice        34%        N/A       4%          2
b - Confusing Touch       Hex            20%        N/A       6%          3
c - Tukima's Dance        Hex            20%        N/A       6%          3
d - Dazzling Flash        Conj/Hex       24%        N/A       16%         3

Your spell library contained the following spells:

 Spells                   Type           Power      Damage    Failure   Level
 Sandblast                Erth           6%         2d5       16%         1
 Cause Fear               Hex            10%        N/A       19%         4
 Passwall                 Tmut/Erth      2%         N/A       24%         2
 Gell's Gravitas          Tloc           3%         N/A       43%         3
 Stone Arrow              Conj/Erth      6%         3d7       43%         3
 Swiftness                Air            3%         N/A       43%         3
 Teleport Other           Tloc           3%         N/A       43%         3
 Animate Armour           Summ/Erth      6%         N/A       83%         4
 Brom's Barrelling Bould  Conj/Erth      3%         2d3       83%         4
 Summon Lightning Spire   Summ/Air       3%         N/A       83%         4
 Vhi's Electric Charge    Tloc/Air       6%         N/A       83%         4
 Arcjolt                  Conj/Air       1%         1d11      99%         5
 Fireball                 Conj/Fire      1%         3d3       99%         5
 Lee's Rapid Deconstruct  Erth           1%         3d4*      99%         5
 Dispersal                Tloc           1%         N/A       100%        6
 Plasma Beam              Fire/Air       1%         2x1d11    100%        6
 Dragon's Call            Summ           1%         N/A       100%        9

Inventory:

Hand Weapons
 a - a +1 dagger of protection
   (You took it off a kobold on level 4 of the Dungeon)
 b - a +2 dagger of flaming (weapon)
   (You took it off an orc wizard on level 5 of the Dungeon)
 e - a +1 dagger
Missiles
 d - 48 stones
 f - 3 atropa-tipped darts
 m - 4 boomerangs
 t - 3 poisoned darts
Armour
 h - a +1 helmet (worn)
   (You took it off Robin on level 4 of the Dungeon)
 l - the +2 pair of gloves of Slimy Leaves (worn) {Will+++}
   (You acquired it on level 4 of the Dungeon)

   Will+++:   It greatly increases your willpower.
 n - a +0 robe (worn)
Magical Staves
 s - a staff of fire {!a}
   (You found it on level 5 of the Dungeon)
Jewellery
 C - a ring of ice
   (You found it on level 1 of the Dungeon)
 G - an amulet of guardian spirit (around neck)
   (You found it on level 3 of the Dungeon)
Wands
 q - a wand of paralysis (5)
   (You found it on level 4 of the Dungeon)
Scrolls
 i - 3 scrolls of fear
Potions
 c - 2 potions of invisibility
 g - 3 potions of cancellation
 j - 3 potions of brilliance
 k - 2 potions of haste {@q3}
 o - a potion of magic {unknown}
 p - a potion of degeneration {!q}
 r - a potion of mutation {unknown}
 u - a potion of berserk rage {unknown}
 v - a potion of curing {@q1}

Dungeon Overview and Level Annotations

Branches:
Dungeon (7/15) Zot: 26822  Temple (1/1) D:4 Zot: 5979

Altars:
Ashenzari
Cheibriados
Dithmenos
Fedhas
Gozag
Hepliaklqana
Kikubaaqudgha
Makhleb
Okawaru
Sif Muna
Trog
Uskayaw
Vehumet
Wu Jian
Xom
Yredelemnul

Shops:
D:4 (

Annotations:
D:5 2 transporters
D:6 exclusion: moth of wrath
D:7 1 transporter, Vorhees's ghost, novice OpFE

##!##.8# #.... ##.#
.. #....########
.... #.#.......# ..©
. . #.#.#####.# ....
..########.#.# #.#
##.# .............#
#.# ##.#
.............#####.#
c...
.............#.....#
####
......9@.....#.#####
....
....#...##.#.#.#
.... . #...##.#.#.#
#### #...##.....# #
#...####.### # #...#
#.# # ##### #.# #
#.# # #.#


You could see a gargoyle.


Message History

You hit the scorpion. You burn the scorpion. The scorpion stings you.
You are poisoned.
The scorpion poisons you! 😕 HP[-2]
You take 2 damage, and now have 63/65 hp.
Casting: Ensorcelled Hibernation (safe; 4% risk of failure)
Confirm with . or Enter, or press ? or * to list all spells.
Aiming: Ensorcelled Hibernation (safe; 4% risk of failure)
Press: ? - help, Shift-Dir - straight line, f/p - scorpion
Aim: a scorpion (heavily wounded, umbra, chance to affect: 50%)
The scorpion resists with some effort.
You feel sick. The scorpion is struck by your spines.
The scorpion barely misses you. 😕 HP[-2] MP[-2]
You take 2 damage, and now have 61/65 hp.
You lost 2 mp, and now have 11/15 mp.
Casting: Ensorcelled Hibernation (safe; 4% risk of failure)
Confirm with . or Enter, or press ? or * to list all spells.
Aiming: Ensorcelled Hibernation (safe; 4% risk of failure)
Press: ? - help, Shift-Dir - straight line, f/p - scorpion
Aim: a scorpion (heavily wounded, umbra, chance to affect: 50%)
The scorpion resists with some effort.
You feel sick. The scorpion stings you.
You are more poisoned.
The scorpion poisons you! 😕 HP[-3] MP[-2]
You take 3 damage, and now have 58/65 hp.
You lost 2 mp, and now have 9/15 mp.
Casting: Ensorcelled Hibernation (safe; 4% risk of failure)
Confirm with . or Enter, or press ? or * to list all spells.
Aiming: Ensorcelled Hibernation (safe; 4% risk of failure)
Press: ? - help, Shift-Dir - straight line, f/p - scorpion
Aim: a scorpion (heavily wounded, umbra, chance to affect: 50%)
The scorpion looks drowsy...
You feel very sick. 😕 HP[-2] MP[-2]
You take 2 damage, and now have 56/65 hp.
You lost 2 mp, and now have 7/15 mp.
Unknown command.
Casting: Ensorcelled Hibernation (safe; 4% risk of failure)
Confirm with . or Enter, or press ? or * to list all spells.
You can't see any susceptible monsters within range! (Use Z to cast anyway.) Unknown command.
Casting: Ensorcelled Hibernation (safe; 4% risk of failure)
Confirm with . or Enter, or press ? or * to list all spells.
You can't see any susceptible monsters within range! (Use Z to cast anyway.)
The helpless scorpion fails to defend itself.
You stick the scorpion like a pincushion!!!
You burn the scorpion.
You kill the scorpion!
Dithmenos accepts your kill.
You feel sick. 😕 HP[-2]
You take 2 damage, and now have 54/65 hp.
Unknown command.
You feel sick.
A gargoyle comes into view.
It is wielding a +0 flail. 😕 HP[-2] MP[+1]
You take 2 damage, and now have 52/65 hp.
Casting: Ensorcelled Hibernation (safe; 4% risk of failure)
Confirm with . or Enter, or press ? or * to list all spells.
Your hands begin to glow red.
You feel sick.
You feel sick. 😕 HP[-2] MP[-3]
You take 2 damage, and now have 50/65 hp.
You lost 3 mp, and now have 5/15 mp.
You feel sick. 😕 HP[-1]
You take 1 damage, and now have 49/65 hp.
You barely miss the gargoyle. You kick the gargoyle.
You feel sick.
The gargoyle hurls a stone arrow at you.
The stone arrow hits you!!
* * * LOW HITPOINT WARNING * * *
😨 HP[-25] MP[-2]
You take 25 damage, and now have 24/65 hp.
MASSIVE DAMAGE!! (PAUSE)
You lost 2 mp, and now have 3/15 mp.
You hit the gargoyle but do no damage. Your kick misses the gargoyle.
The gargoyle barely misses you. 😨 HP[+1] Unknown command.
You hit the gargoyle but do no damage.
You feel sick. 😨 HP[-1]
You take 1 damage, and now have 24/65 hp.
You completely miss the gargoyle.
You kick the gargoyle, but do no damage.
You feel sick.
The gargoyle closely misses you. 😨 HP[-1]
You take 1 damage, and now have 23/65 hp.
Unknown command.
You barely miss the gargoyle. Your kick misses the gargoyle.
You feel sick.
You are no longer poisoned.
The gargoyle hits you with a +0 flail!
* * * LOW HITPOINT WARNING * * *
😱 HP[-13] MP[-2]
You take 13 damage, and now have 10/65 hp.
You lost 2 mp, and now have 1/15 mp.
You hit the gargoyle but do no damage.
You kick the gargoyle, but do no damage.
The gargoyle hurls a stone arrow at you.
The stone arrow hits you!!
You die...

Skill      XL: |  1  2  3  4  5  6  7  8 |
---------------+-------------------------+-----
Short Blades   | 1 2 3 4 5 |  5.4
Stealth        | 3 4 5 6 |  6.5
Fighting       | 1 2 3 |  3.9
Ice Magic      | 1 2 3 |  3.3
Spellcasting   | 3 4 |  4.2
Hexes          | 4 5 |  5.0
Dodging        | |  1.7

Action                     |  1- 3 |  4- 6 |  7- 9 || total
---------------------------+-------+-------+-------++-------
  Melee: Dagger            |   150 |   172 |   108 ||   430
         Punch             |     2 |     2 |     1 ||     5
         Kick              |    26 |    57 |    24 ||   107
   Cast: Ensorcelled Hiber |     7 |    23 |    17 ||    47
         Confusing Touch   |       |     1 |     4 ||     5
    Use: Scroll            |     4 |     8 |     4 ||    16
         Potion            |       |     5 |       ||     5
   Stab: Sleeping          |    14 |    12 |    13 ||    39
         Invisible         |       |     2 |       ||     2
         Confused          |       |     2 |     4 ||     6
 Armour: Robe              |    77 |   122 |    50 ||   249
  Dodge: Dodged            |    92 |    98 |    57 ||   247

Levels and vault maps discovered:
D:1:      amcnicky_arrival_single_pillar, layout_loops_ring, minmay_door_square,
          minmay_tetromino_o4
D:2:      layout_loops_ring, moated_statue
D:3:      layout_loops_ring, hellmonk_ecumenical_altar_watching_god,
          nicolae_underground_beach
D:4:      nicolae_cairo_tiling_large, layout_basic, cheibriados_altar_2,
          minmay_temple_entry_gardened_gates, serial_shops,
          nicolae_shop_bloodbath_and_beyond, uniq_robin
D:5:      gammafunk_wand_slinger, layout_rooms, uniq_grinder
D:6:      layout_basic, nicolae_gozag_seed_capital, tgw_trog,
          lemuel_coloured_pillars_altar
D:7:      layout_basic, tso_oasis_becter, gammafunk_ghost_arena,
          dilly_guarded_unrand_devastator
Temple:   nicolae_temple_ecumenical_triangle

Notes
Turn   | Place    | Note
-------+----------+-------------------------------------------
     0 | D:1      | kae the Demonspawn Enchanter began the quest for the Orb.
     0 | D:1      | Reached XP level 1. HP: 13/13 MP: 3/3
     0 | D:1      | magus.rc [v1.11.3]
    15 | D:1      | Reached skill level 1 in Short Blades
   171 | D:1      | Gained mutation: You have large cloven feet. [demonic
                  | ancestry]
   171 | D:1      | Reached XP level 2. HP: 12/20 MP: 5/5
   247 | D:1      | Learned a level 2 spell: Ensorcelled Hibernation
   265 | D:1      | Reached skill level 3 in Stealth
   870 | D:2      | Gained mutation: You may rarely emit foul miasma when
                  | damaged in melee. [demonic ancestry]
   870 | D:2      | Reached XP level 3. HP: 25/25 MP: 6/6
  1632 | D:3      | Reached skill level 2 in Short Blades
  1666 | D:3      | Reached skill level 1 in Fighting
  1789 | D:2      | Reached XP level 4. HP: 21/32 MP: 2/7
  1989 | D:3      | You pick up a book of Lightning and begin reading...
  1989 | D:3      | You add the spells Vhi's Electric Charge, Arcjolt and
                  | Plasma Beam to your library.
  2052 | D:3      | Noticed a shining eye
  2054 | D:3      | Found a faded altar of an unknown god.
  2055 | D:3      | Noticed a glass eye
  2055 | D:3      | Noticed a great orb of eyes
  2055 | D:3      | Noticed a glass eye
  2076 | D:3      | HP: 8/32 [orc/+0 hand axe (4)]
  2082 | D:3      | HP: 7/32 [orc/+0 hand axe (1)]
  2088 | D:3      | HP: 5/32 [orc/+0 hand axe (1)]
  2336 | D:3      | You fall into a shaft and drop 1 floor!
  2350 | D:4      | Noticed a torpor snail
  2352 | D:4      | Found a snail-covered altar of Cheibriados.
  2352 | D:4      | Noticed a torpor snail
  2352 | D:4      | Noticed a torpor snail
  2354 | D:4      | Noticed Robin
  2408 | D:4      | Killed Robin
  2569 | D:4      | HP: 8/32 [iguana (3)]
  2570 | D:4      | HP: 2/32 [iguana (6)]
  2579 | D:4      | HP: 7/32 [iguana (4)]
  2581 | D:4      | Gained mutation: You have hoof-like feet. [demonic
                  | ancestry]
  2581 | D:4      | Reached XP level 5. HP: 8/37 MP: 0/8
  2668 | D:4      | Noticed an ogre
  2676 | D:4      | Killed an ogre
  2677 | D:4      | Reached skill level 4 in Stealth
  2677 | D:4      | Reached skill level 1 in Ice Magic
  2757 | D:4      | Found a staircase to the Ecumenical Temple.
  2803 | Temple   | Entered the Ecumenical Temple
  2814 | Temple   | Became a worshipper of Dithmenos the Shadowed
  2974 | D:4      | Reached XP level 6. HP: 44/44 MP: 7/10
  3103 | D:4      | Reached skill level 3 in Short Blades
  3379 | D:4      | You pick up a book of Geomancy and begin reading...
  3379 | D:4      | You add the spells Sandblast, Passwall, Stone Arrow and
                  | Brom's Barrelling Boulder to your library.
  3505 | D:4      | Found Wuqakhlyt's Weapon Emporium.
  3506 | D:4      | Identified the +0 spear of Evisceration {venom, ^Drain
                  | Str+3}
  3566 | D:4      | Identified a scroll of acquirement
  3566 | D:4      | Acquired the +2 pair of gloves of Slimy Leaves {Will+++}
  3604 | D:5      | Entered Level 5 of the Dungeon
  3629 | D:5      | HP: 10/44 [scorpion (3)]
  3642 | D:5      | Reached skill level 2 in Fighting
  3858 | D:4      | Learned a level 3 spell: Confusing Touch
  3862 | D:4      | Learned a level 3 spell: Tukima's Dance
  3916 | D:5      | Reached skill level 3 in Spellcasting
  4046 | D:5      | Reached XP level 7. HP: 44/50 MP: 8/11
  4188 | D:5      | Reached skill level 4 in Hexes
  4195 | D:5      | Reached * piety under Dithmenos
  4204 | D:5      | Reached skill level 5 in Stealth
  4204 | D:5      | Reached skill level 2 in Ice Magic
  4226 | D:5      | Found a transporter.
  4234 | D:5      | Found a transporter.
  4247 | D:5      | Noticed Grinder
  4261 | D:5      | Noticed a kobold demonologist
  4267 | D:5      | Killed Grinder
  4268 | D:5      | Reached skill level 4 in Short Blades
  4617 | D:6      | Reached skill level 3 in Fighting
  4617 | D:6      | Gained mutation: You are partially covered in sharp spines.
                  | [demonic ancestry]
  4617 | D:6      | Reached XP level 8. HP: 58/58 MP: 13/13
  4711 | D:5      | You add the spells Gell's Gravitas, Teleport Other and
                  | Dispersal to your library.
  4892 | D:6      | Learned a level 3 spell: Dazzling Flash
  4999 | D:6      | HP: 12/58 [orc priest/divine providence (10)]
  5314 | D:6      | Found an opulent altar of Gozag.
  5315 | D:6      | You pick up a book of the Dragon and begin reading...
  5315 | D:6      | You add the spells Cause Fear, Fireball and Dragon's Call
                  | to your library.
  5370 | D:6      | Noticed a moth of wrath
  5373 | D:6      | Found a bloodstained altar of Trog.
  5420 | D:6      | You pick up a book of Iron and begin reading...
  5420 | D:6      | You add the spells Summon Lightning Spire, Animate Armour
                  | and Lee's Rapid Deconstruction to your library.
  5768 | D:7      | You pick up a book of Burglary and begin reading...
  5796 | D:7      | Found a transporter.
  5803 | D:7      | Noticed a two-headed ogre
  5803 | D:7      | Found the +6 shillelagh "Devastator" {shatter}
  5810 | D:7      | Noticed Vorhees's ghost (novice OpFE)
  5817 | D:7      | Killed a two-headed ogre
  5818 | D:7      | Reached skill level 5 in Short Blades
  5818 | D:7      | Reached skill level 6 in Stealth
  5818 | D:7      | Reached skill level 4 in Spellcasting
  5818 | D:7      | Reached skill level 5 in Hexes
  5818 | D:7      | Reached skill level 3 in Ice Magic
  5818 | D:7      | Gained mutation: You are surrounded by a mild repulsion
                  | field. (EV +2) [demonic ancestry]
  5818 | D:7      | Reached XP level 9. HP: 65/65 MP: 9/15
  5912 | D:7      | Noticed a gargoyle
  5920 | D:7      | HP: 10/65 [gargoyle/+0 flail (12)]
  5921 | D:7      | Killed from afar by a gargoyle

Vanquished Creatures
  A two-headed ogre (D:7)
  Grinder (D:5)
  A water moccasin (D:6)
  An ice beast (D:5)
  3 ogres
  A bullfrog (D:5)
  3 scorpions
  4 orc priests
  A hound (D:5)
  A jelly (D:7)
  A sleepcap (D:5)
  3 iguanas
  2 orc wizards
  Robin (D:4)
  9 adders
  A white imp (D:5)
  2 worms
  A dart slug (D:3)
  20 orcs
  9 ball pythons
  10 bats
  9 endoplasms
  6 hobgoblins
  2 jackals (D:4)
  4 kobolds
  4 quokkas
  3 frilled lizards
  14 goblins
  13 rats
131 creatures vanquished.

Vanquished Creatures (others)
  An orc (D:5)
1 creature vanquished.

Grand Total: 132 creatures vanquished

Table legend:
 A = Non-vault XP
 B = Vault XP
 C = Vault XP percentage of total XP
 D = Non-vault monster count
 E = Vault monster count
 F = Vault count percentage of total count
                 A         B        C        D         E       F
            +---------+---------+-------+---------+---------+-------
      Total |    1761 |    1149 |  39.5 |     109 |      22 |  16.8
            +---------+---------+-------+---------+---------+-------
        D:1 |      35 |       4 |  10.3 |      22 |       3 |  12.0
        D:2 |      36 |       0 |   0.0 |      20 |       0 |   0.0
        D:3 |      55 |       0 |   0.0 |      15 |       0 |   0.0
        D:4 |     296 |      35 |  10.6 |      19 |      12 |  38.7
        D:5 |     767 |     286 |  27.2 |      18 |       1 |   5.3
        D:6 |     445 |       5 |   1.1 |      13 |       5 |  27.8
        D:7 |     127 |     819 |  86.6 |       2 |       1 |  33.3
            +---------+---------+-------+---------+---------+-------

Skill      XL: |  1  2  3  4  5  6  7  8 |
---------------+-------------------------+-----
Short Blades   | 1 2 3 4 5 |  5.4
Stealth        | 3 4 5 6 |  6.5
Fighting       | 1 2 3 |  3.9
Ice Magic      | 1 2 3 |  3.3
Spellcasting   | 3 4 |  4.2
Hexes          | 4 5 |  5.0
Dodging        | |  1.7

Action                     |  1- 3 |  4- 6 |  7- 9 || total
---------------------------+-------+-------+-------++-------
  Melee: Dagger            |   150 |   172 |   108 ||   430
         Punch             |     2 |     2 |     1 ||     5
         Kick              |    26 |    57 |    24 ||   107
   Cast: Ensorcelled Hiber |     7 |    23 |    17 ||    47
         Confusing Touch   |       |     1 |     4 ||     5
    Use: Scroll            |     4 |     8 |     4 ||    16
         Potion            |       |     5 |       ||     5
   Stab: Sleeping          |    14 |    12 |    13 ||    39
         Invisible         |       |     2 |       ||     2
         Confused          |       |     2 |     4 ||     6
 Armour: Robe              |    77 |   122 |    50 ||   249
  Dodge: Dodged            |    92 |    98 |    57 ||   247

Illustrated notes

Table legend:
 A = Kills in this place as a percentage of kills in the entire game.
 B = Kills by you in this place as a percentage of kills by you in the entire game.
 C = Kills by friends in this place as a percentage of kills by friends in the entire game.
 D = Other kills in this place as a percentage of other kills in the entire game.
 E = Experience gained in this place as a percentage of experience gained in the entire game.
 F = Experience gained in this place divided by the number of levels of this place that you have seen.
                   A       B       C       D       E      F
               +-------+-------+-------+-------+-------+----------------------
         Total | 100.0 | 100.0 |   N/A |   N/A | 100.0 | 363.8
       Dungeon | 100.0 | 100.0 |   N/A |   N/A | 100.0 | 415.7
               +-------+-------+-------+-------+-------+----------------------

Table legend: (Time is in decaauts)
 A = Elapsed time spent in this place.
 B = Non-inter-level travel time spent in this place.
 C = Inter-level travel time spent in this place.
 D = Time resting spent in this place.
 E = Time spent auto-exploring this place.
 F = Levels seen in this place.
 G = Mean time per level.
                   A        B        C        D        E       F      G
               +--------+--------+--------+--------+--------+-----+--------+
         Total |   5867 |   5661 |    206 |    476 |   3989 |   8 |  733.4 |
       Dungeon |   5846 |   5649 |    197 |    476 |   3989 |   7 |  835.1 |
        Temple |     20 |     12 |      8 |      0 |      0 |   1 |   20.0 |
               +--------+--------+--------+--------+--------+-----+--------+

Top non-repeatable levels by time:
     D:4: 1296 daAuts
     D:5: 1079 daAuts
     D:6: 969 daAuts
     D:2: 908 daAuts
     D:1: 862 daAuts
     D:3: 552 daAuts
     D:7: 177 daAuts
  Temple: 20 daAuts
